AoeStats
← Iguano Pop

Arabia

509306517Analyzed
1v1 RM · 7d ago on Sep 26, 2026· 42m 59s· 2 players
Game mode
Random Map
Map size
Tiny (2 player)
Population
200
Speed
Normal
Resources
Standard
Victory
Conquest
Starting age
Dark Age
Ending age
Imperial Age
RankedLock teamsTeams togetherTeam positionsShared explorationLock speedFull tech treeHidden civsTurbo modeCheats
Victory
Defeat
🇩🇪 Romans · Germany
1291
+17
🇲🇽 Koreans · Mexico
1318
-17
Flowhowhowhowhow
6:49 Loom
9:02 Feudal Age
9:23 Man-at-Arms
10:08 Double-Bit Axe
15:19 Fletching
16:28 Padded Archer Armor
16:32 Scale Mail Armor
21:21 Castle Age
19:41 Gold Mining
21:15 Horse Collar
21:42 Long Swordsman
22:49 Squires
22:50 Bodkin Arrow
22:41 Elite Skirmisher
24:06 Bow Saw
24:45 Chain Mail Armor
26:42 Forging
30:53 Leather Archer Armor
34:32 Wheelbarrow
34:29 Stone Mining
40:17 Imperial Age
40:13 Hand Cart
39:59 Heavy Plow
40:41 Gold Shaft Mining
40:59 Iron Casting
40:51 Ballistics
40:42 Masonry
41:01 Scale Barding Armor
42:38 Legionary
Iguano Pop
6:44 Loom
9:37 Feudal Age
9:52 Man-at-Arms
23:40 Castle Age
22:04 Gold Mining
22:56 Double-Bit Axe
24:05 Fletching
23:44 Crossbowman
26:51 Bodkin Arrow
40:39 Imperial Age
38:46 Ballistics
Connection lost

Rejoining the realm…

Still unreachable

The connection could not be restored.

Session expired

The server has moved on; the page needs a fresh start.